PCL
CALGARY COWBOYS @ GRESHAM GOLD SOULS
07/06/2024
 
TOP OF THE 1ST
Calgary Cowboys batting - Pitching for Gresham Gold Souls : RHP William Tagg
Pitching: RHP William Tagg
Batting: RHB Clark Hodge 0-0: Ball
1-0: Ball
2-0: Ball
3-0: Called Strike
3-1: Fly out, F3 (Popup, 3SF)
Batting: RHB Mike Wilcox 0-0: Ball
1-0: Foul Ball, location: 2F
1-1: Swinging Strike
1-2: Fly out, F3 (Popup, 3SF)
Batting: RHB Dan Wyatt 0-0: SOLO HOME RUN (Line Drive, 7D), Distance : 392 ft
Batting: RHB Cristián Peña 0-0: Ball
1-0: Called Strike
1-1: Ball
2-1: Foul Ball, location: 2F
2-2: DOUBLE (Line Drive, 78D)
Batting: RHB Ramón Martínez 0-0: Called Strike
0-1: Ball
1-1: Ground out 3-1 (Groundball, 34S)
Top of the 1st over - 1 run(s), 2 hit(s), 0 error(s), 1 left on base; Calgary 1 - Gresham 0
BOTTOM OF THE 1ST
Gresham Gold Souls batting - Pitching for Calgary Cowboys : RHP Arthur Benson
Pitching: RHP Arthur Benson
Batting: RHB Jeff Thompson 0-0: Ball
1-0: Ball
2-0: Swinging Strike
2-1: Ground out 6-3 (Groundball, 6)
Batting: LHB Salvador Ruíz 0-0: Ground out 4-3 (Groundball, 4M)
Batting: RHB Lorenzo Morín 0-0: SOLO HOME RUN (Flyball, 7D), Distance : 376 ft
Batting: RHB Lorenzo Guzmán 0-0: Ball
1-0: Called Strike
1-1: SOLO HOME RUN (Flyball, 7D), Distance : 395 ft
Batting: RHB Claudio Guerra 0-0: Ball
1-0: Called Strike
1-1: Called Strike
1-2: Strikes out swinging
Bottom of the 1st over - 2 run(s), 2 hit(s), 0 error(s), 0 left on base; Calgary 1 - Gresham 2
TOP OF THE 2ND
Calgary Cowboys batting - Pitching for Gresham Gold Souls : RHP William Tagg
Batting: RHB Derek Carr 0-0: Foul Ball, location: 2F
0-1: Fly out, F9 (Popup, 34D)
Batting: LHB Freddy Herrera 0-0: Ground out 4-3 (Groundball, 4)
Batting: RHB Jesús Hernández 0-0: Ball
1-0: SOLO HOME RUN (Flyball, 89XD), Distance : 427 ft
Batting: RHB Tom Yarbrough 0-0: Foul Ball, location: 2F
0-1: Foul Ball, location: 2F
0-2: Ball
1-2: Strikes out swinging
Top of the 2nd over - 1 run(s), 1 hit(s), 0 error(s), 0 left on base; Calgary 2 - Gresham 2
BOTTOM OF THE 2ND
Gresham Gold Souls batting - Pitching for Calgary Cowboys : RHP Arthur Benson
Batting: RHB Pablo Lucero 0-0: Ball
1-0: Foul Ball, location: 2F
1-1: SOLO HOME RUN (Flyball, 7LD), Distance : 355 ft
Batting: SHB Ryu Kichida 0-0: Ball
1-0: Ball
2-0: Ball
3-0: Base on Balls
Batting: RHB Pablo Castillo 0-0: Grounds into double play, 5-4-3 (Groundball, 56)
Batting: SHB Vicente Martínez 0-0: Ball
1-0: Ball
2-0: Called Strike
2-1: Ball
3-1: Base on Balls
Batting: RHB Jeff Thompson 0-0: Called Strike
0-1: Foul Ball, location: 2F
0-2: Strikes out swinging
Bottom of the 2nd over - 1 run(s), 1 hit(s), 0 error(s), 1 left on base; Calgary 2 - Gresham 3
TOP OF THE 3RD
Calgary Cowboys batting - Pitching for Gresham Gold Souls : RHP William Tagg
Batting: RHB Clark Hodge 0-0: Ball
1-0: Reached on error, E5 (Groundball, 5)
Batting: RHB Mike Wilcox 0-0: Called Strike
0-1: Foul Ball, location: 2F
0-2: Ball
1-2: Strikes out swinging
Batting: RHB Dan Wyatt 0-0: Called Strike
0-1: Swinging Strike
0-2: Ball
1-2: SINGLE (Groundball, 4MD)
Clark Hodge to second
Runner from 2nd tries for 3rd, SAFE, no throw or cutoff
Batting: RHB Cristián Peña 0-0: Foul Ball, location: 2F
0-1: Ball
1-1: Swinging Strike
1-2: Foul Ball, location: 2F
1-2: Fly out, F8 (Flyball, 78S)
Batting: RHB Ramón Martínez 0-0: Ball
1-0: Ground out 6-3 (Groundball, 6)
Top of the 3rd over - 0 run(s), 1 hit(s), 1 error(s), 2 left on base; Calgary 2 - Gresham 3
BOTTOM OF THE 3RD
Gresham Gold Souls batting - Pitching for Calgary Cowboys : RHP Arthur Benson
Batting: LHB Salvador Ruíz 0-0: Called Strike
0-1: Ball
1-1: Ball
2-1: Called Strike
2-2: Strikes out swinging
Batting: RHB Lorenzo Morín 0-0: Ball
1-0: Swinging Strike
1-1: Ball
2-1: Ball
3-1: Called Strike
3-2: Base on Balls
Batting: RHB Lorenzo Guzmán 0-0: Swinging Strike
0-1: Foul Ball, location: 2F
0-2: Strikes out swinging
Batting: RHB Claudio Guerra 0-0: Ball
1-0: Ball
2-0: Foul Ball, location: 2F
2-1: Ball
3-1: Base on Balls
Lorenzo Morín to second
Batting: RHB Pablo Lucero 0-0: Ball
1-0: Ball
2-0: Fielders Choice at 2nd, U6 (Groundball, 6M)
Bottom of the 3rd over - 0 run(s), 0 hit(s), 0 error(s), 2 left on base; Calgary 2 - Gresham 3
TOP OF THE 4TH
Calgary Cowboys batting - Pitching for Gresham Gold Souls : RHP William Tagg
Batting: RHB Derek Carr 0-0: Ball
1-0: Foul Ball, location: 2F
1-1: Ball
2-1: Ground out 2-3 (Groundball, 2R)
Batting: LHB Freddy Herrera 0-0: Swinging Strike
0-1: Called Strike
0-2: Ground out 4-3 (Groundball, 4)
Batting: RHB Jesús Hernández 0-0: Ground out 4-3 (Groundball, 34)
Top of the 4th over - 0 run(s), 0 hit(s), 0 error(s), 0 left on base; Calgary 2 - Gresham 3
BOTTOM OF THE 4TH
Gresham Gold Souls batting - Pitching for Calgary Cowboys : RHP Arthur Benson
Batting: SHB Ryu Kichida 0-0: Ball
1-0: Called Strike
1-1: Ball
2-1: Swinging Strike
2-2: Ball
3-2: Base on Balls
Batting: RHB Pablo Castillo 0-0: Ball
1-0: Called Strike
1-1: Foul Ball, location: 2F
1-2: Foul Ball, location: 2F
1-2: Ball
2-2: Strikes out swinging
Batting: SHB Vicente Martínez 0-0: Ball
1-0: Ball
2-0: Ball
3-0: Called Strike
3-1: SINGLE (Line Drive, 4D)
Ryu Kichida to second
Batting: RHB Jeff Thompson 0-0: SINGLE (Line Drive, 4M)
Ryu Kichida to third
Vicente Martínez to second
Runner from 3rd tries for Home, SAFE, throw made home
Batting: LHB Salvador Ruíz 0-0: SINGLE (Line Drive, 7LS)
Vicente Martínez to third
Jeff Thompson to second
Batting: RHB Lorenzo Morín 0-0: Ball
1-0: Ball
2-0: Ball
3-0: Called Strike
3-1: Foul Ball, location: 2F
3-2: SINGLE (Flyball, 7S)
Vicente Martínez scores
Jeff Thompson to third
Salvador Ruíz to second
Batting: RHB Lorenzo Guzmán 0-0: Called Strike
0-1: SINGLE (Groundball, 56D)
Jeff Thompson scores
Salvador Ruíz to third
Lorenzo Morín to second
Runner from 3rd tries for Home, SAFE, no throw or cutoff
Pitching: RHP Richard Boyd
Batting: RHB Claudio Guerra 0-0: Called Strike
0-1: Grounds into double play, 6-4-3 (Groundball, 6M)
Bottom of the 4th over - 4 run(s), 5 hit(s), 0 error(s), 1 left on base; Calgary 2 - Gresham 7
TOP OF THE 5TH
Calgary Cowboys batting - Pitching for Gresham Gold Souls : RHP William Tagg
Batting: RHB Tom Yarbrough 0-0: Called Strike
0-1: Ball
1-1: Ground out 6-3 (Groundball, 6)
Batting: RHB Clark Hodge 0-0: Ball
1-0: Ball
2-0: Ball
3-0: Base on Balls
Batting: RHB Mike Wilcox 0-0: Called Strike
Clark Hodge steals 2nd base
0-1: Ball
1-1: Fly out, F6 (Popup, 6M)
Batting: RHB Dan Wyatt 0-0: Ball
1-0: Ball
2-0: Ball
3-0: Called Strike
3-1: Called Strike
3-2: SINGLE (Line Drive, 4M)
Clark Hodge to third
Clark Hodge scores
Batting: RHB Cristián Peña 0-0: Ball
1-0: Swinging Strike
1-1: Foul Ball, location: 2F
1-2: Ball
2-2: Foul Ball, location: 2F
2-2: Strikes out swinging
Top of the 5th over - 1 run(s), 1 hit(s), 0 error(s), 1 left on base; Calgary 3 - Gresham 7
BOTTOM OF THE 5TH
Gresham Gold Souls batting - Pitching for Calgary Cowboys : RHP Richard Boyd
Batting: RHB Pablo Lucero 0-0: Foul Ball, location: 2F
0-1: Swinging Strike
0-2: Ball
1-2: Ball
2-2: Foul Ball, location: 2F
2-2: Ball
3-2: Foul Ball, location: 2F
3-2: Foul Ball, location: 2F
3-2: Fly out, F7 (Flyball, 7LM)
Batting: SHB Ryu Kichida 0-0: Ball
1-0: Ground out U3 (Groundball, 3)
Batting: RHB Pablo Castillo 0-0: Ball
1-0: Called Strike
1-1: Ball
2-1: Ground out 5-3 (Groundball, 5)
Bottom of the 5th over - 0 run(s), 0 hit(s), 0 error(s), 0 left on base; Calgary 3 - Gresham 7
TOP OF THE 6TH
Calgary Cowboys batting - Pitching for Gresham Gold Souls : RHP William Tagg
Batting: RHB Ramón Martínez 0-0: Called Strike
0-1: Called Strike
0-2: Ball
1-2: Foul Ball, location: 2F
1-2: Ball
2-2: Ball
3-2: Base on Balls
Batting: RHB Derek Carr 0-0: Ball
1-0: Ball
2-0: Ball
3-0: Base on Balls
Ramón Martínez to second
Batting: LHB Freddy Herrera 0-0: Swinging Strike
0-1: Ball
1-1: Called Strike
1-2: Ball
2-2: Foul Ball, location: 2F
2-2: SINGLE (Line Drive, 8RS)
Ramón Martínez to third
Derek Carr to second
Pitching: RHP Carlos Hendrix
Batting: RHB Jesús Hernández 0-0: Ball
1-0: Ball
2-0: Ball
3-0: Called Strike
3-1: Base on Balls
Ramón Martínez scores
Derek Carr to third
Freddy Herrera to second
Batting: RHB Tom Yarbrough 0-0: Ball
1-0: Foul Ball, location: 2F
1-1: Reached on error, E4 (Groundball, 4)
Derek Carr scores
Freddy Herrera to third
Jesús Hernández to second
Batting: RHB Clark Hodge 0-0: Grounds into double play, 6-4-3 (Groundball, 6)
Freddy Herrera scores
Jesús Hernández to third
Batting: RHB Mike Wilcox 0-0: Ball
1-0: Ball
Passed Ball!
Jesús Hernández scores
2-0: Ball
3-0: Called Strike
3-1: Base on Balls
Batting: RHB Dan Wyatt 0-0: Ball
1-0: Called Strike
1-1: Foul Ball, location: 2F
1-2: Ball
2-2: Foul Ball, location: 2F
2-2: Foul Ball, location: 2F
2-2: Ball
3-2: Fly out, F8 (Line Drive, 8RD)
Top of the 6th over - 4 run(s), 1 hit(s), 1 error(s), 1 left on base; Calgary 7 - Gresham 7
BOTTOM OF THE 6TH
Gresham Gold Souls batting - Pitching for Calgary Cowboys : RHP Richard Boyd
Batting: SHB Vicente Martínez 0-0: Called Strike
0-1: Ball
1-1: Swinging Strike
1-2: Foul Ball, location: 2F
1-2: Fly out, F7 (Line Drive, 7S)
Batting: RHB Jeff Thompson 0-0: Ball
1-0: Swinging Strike
1-1: Fly out, F7 (Flyball, 8LM)
Batting: LHB Salvador Ruíz 0-0: Ball
1-0: Fly out, F8 (Flyball, 8RM)
Bottom of the 6th over - 0 run(s), 0 hit(s), 0 error(s), 0 left on base; Calgary 7 - Gresham 7
TOP OF THE 7TH
Calgary Cowboys batting - Pitching for Gresham Gold Souls : RHP Carlos Hendrix
Batting: RHB Cristián Peña 0-0: Ground out 6-3 (Groundball, 6)
Batting: RHB Ramón Martínez 0-0: Called Strike
0-1: Foul Ball, location: 2F
0-2: Ball
1-2: Strikes out swinging
Batting: RHB Derek Carr 0-0: Ball
1-0: Called Strike
1-1: Ball
2-1: Swinging Strike
2-2: Strikes out swinging
Top of the 7th over - 0 run(s), 0 hit(s), 0 error(s), 0 left on base; Calgary 7 - Gresham 7
BOTTOM OF THE 7TH
Gresham Gold Souls batting - Pitching for Calgary Cowboys : RHP Richard Boyd
Pitching: RHP Mitsunari Jouda
Batting: RHB Lorenzo Morín 0-0: Ball
1-0: Ball
2-0: Called Strike
2-1: Foul Ball, location: 2F
2-2: Strikes out swinging
Batting: RHB Lorenzo Guzmán 0-0: Called Strike
0-1: Ball
1-1: Ball
2-1: Ball
3-1: Base on Balls
Batting: RHB Claudio Guerra 0-0: Swinging Strike
0-1: Called Strike
0-2: Foul Ball, location: 2F
0-2: Strikes out swinging
Batting: RHB Pablo Lucero 0-0: Ball
1-0: Ball
2-0: Ball
3-0: Base on Balls
Lorenzo Guzmán to second
Batting: SHB Ryu Kichida 0-0: Ball
1-0: Swinging Strike
1-1: Ball
2-1: Swinging Strike
2-2: Ball
3-2: Foul Ball, location: 2F
3-2: Base on Balls
Lorenzo Guzmán to third
Pablo Lucero to second
Batting: RHB Pablo Castillo 0-0: Foul Ball, location: 2F
0-1: Ball
1-1: Foul Ball, location: 2F
1-2: Strikes out swinging
Bottom of the 7th over - 0 run(s), 0 hit(s), 0 error(s), 3 left on base; Calgary 7 - Gresham 7
TOP OF THE 8TH
Calgary Cowboys batting - Pitching for Gresham Gold Souls : RHP Carlos Hendrix
Pitching: RHP Ricky Gutiérrez
Batting: LHB Freddy Herrera 0-0: Ball
1-0: Ball
2-0: Ball
3-0: Base on Balls
Batting: RHB Jesús Hernández 0-0: Ball
Freddy Herrera is caught stealing 2nd base
1-0: Called Strike
1-1: SINGLE (Groundball, 6D) (infield hit)
Pinch Runner at 1st Luis Peña:
Pinch Hitting: RHB Shayne Burry 0-0: Ball
Luis Peña is caught stealing 2nd base
1-0: Swinging Strike
1-1: Ball
2-1: Fly out, F7 (Flyball, 78S)
Top of the 8th over - 0 run(s), 1 hit(s), 0 error(s), 0 left on base; Calgary 7 - Gresham 7
BOTTOM OF THE 8TH
Gresham Gold Souls batting - Pitching for Calgary Cowboys : RHP Mitsunari Jouda
Now at SS: Júlio Soto
Batting: SHB Vicente Martínez 0-0: Ball
1-0: Ball
2-0: Ball
3-0: Called Strike
3-1: Base on Balls
Pitching: LHP Alfredo Durán
Pinch Runner at 1st Daniel Guerrero:
Pinch Hitting: RHB Luke McIndoe 0-0: Sac Bunt - play at first, batter OUT! 1-4
Daniel Guerrero to second
Pinch Hitting: RHB George Jost 0-0: Called Strike
0-1: Ball
1-1: Called Strike
1-2: Strikes out swinging
Batting: RHB Lorenzo Morín 0-0: Called Strike
0-1: Ball
1-1: Ball
2-1: Ball
3-1: Foul Ball, location: 2F
3-2: Base on Balls
Batting: RHB Lorenzo Guzmán 0-0: Ball
1-0: Called Strike
1-1: Ball
2-1: Ground out 4-3 (Groundball, 4)
Bottom of the 8th over - 0 run(s), 0 hit(s), 0 error(s), 2 left on base; Calgary 7 - Gresham 7
TOP OF THE 9TH
Calgary Cowboys batting - Pitching for Gresham Gold Souls : RHP Ricky Gutiérrez
Pitching: LHP Pepe Caro
Now at 1B: Luke McIndoe
Now at SS: Sean Carr
Now in CF: George Jost
Batting: RHB Clark Hodge 0-0: Ball
1-0: Swinging Strike
1-1: Ball
2-1: Called Strike
2-2: Foul Ball, location: 2F
2-2: Strikes out swinging
Batting: RHB Mike Wilcox 0-0: Called Strike
0-1: Fly out, F8 (Flyball, 8LM)
Batting: RHB Dan Wyatt 0-0: Ball
1-0: DOUBLE (Flyball, 8RXD)
Batting: RHB Cristián Peña 0-0: Called Strike
0-1: Foul Ball, location: 2F
0-2: Strikes out swinging
Top of the 9th over - 0 run(s), 1 hit(s), 0 error(s), 1 left on base; Calgary 7 - Gresham 7
BOTTOM OF THE 9TH
Gresham Gold Souls batting - Pitching for Calgary Cowboys : LHP Alfredo Durán
Batting: RHB Claudio Guerra 0-0: Ball
1-0: Ground out 5-3 (Groundball, 15S)
Batting: RHB Pablo Lucero 0-0: Swinging Strike
0-1: Ball
1-1: Ball
2-1: Called Strike
2-2: Strikes out looking
Pinch Hitting: RHB Douglas Davis 0-0: Called Strike
0-1: Ball
1-1: Hit by Pitch
Batting: RHB Pablo Castillo 0-0: SINGLE (Groundball, 6M)
Douglas Davis to second
Batting: SHB Sean Carr 0-0: Fielders Choice at 2nd, U4 (Groundball, 4M)
Bottom of the 9th over - 0 run(s), 1 hit(s), 0 error(s), 2 left on base; Calgary 7 - Gresham 7
TOP OF THE 10TH
Calgary Cowboys batting - Pitching for Gresham Gold Souls : LHP Pepe Caro
Now at 2B: Kazushige Aoki
Batting: RHB Ramón Martínez 0-0: Ball
1-0: Ball
2-0: Foul Ball, location: 2F
2-1: Ball
3-1: Called Strike
3-2: Strikes out swinging
Batting: RHB Derek Carr 0-0: Ball
1-0: Called Strike
1-1: Swinging Strike
1-2: Strikes out swinging
Batting: LHB Freddy Herrera 0-0: Ball
1-0: Foul Ball, location: 2F
1-1: Foul Ball, location: 2F
1-2: Strikes out swinging wild pitch, reaches first!
Batting: RHB Luis Peña 0-0: Foul Ball, location: 2F
0-1: Foul Ball, location: 2F
0-2: Ball
1-2: Foul Ball, location: 2F
1-2: Foul Ball, location: 2F
1-2: Foul Ball, location: 2F
1-2: Strikes out swinging
Top of the 10th over - 0 run(s), 0 hit(s), 0 error(s), 1 left on base; Calgary 7 - Gresham 7
BOTTOM OF THE 10TH
Gresham Gold Souls batting - Pitching for Calgary Cowboys : LHP Alfredo Durán
Batting: RHB Luke McIndoe 0-0: Ball
1-0: Ball
2-0: Called Strike
2-1: Ball
3-1: Foul Ball, location: 2F
3-2: Foul Ball, location: 2F
3-2: Base on Balls
Batting: RHB George Jost 0-0: Ball
1-0: Ball
2-0: Foul Ball, location: 2F
2-1: SINGLE (Line Drive, 56D)
Luke McIndoe to second
Pitching: RHP Tatsuzo Harada
Batting: RHB Lorenzo Morín 0-0: Called Strike
0-1: 3-RUN HOME RUN (Flyball, 7D), Distance : 374 ft
This league is powered by Out of the Park Baseball, the baseball management simulation game for PC, Mac and Linux
Saturday, April 9th, 2016 - OOTP Baseball 16.8 Build 38